AoeStats
← Irving Legend

Migration

506888276Analyzed
1v1 RM · 18d ago on Sep 15, 2026· 50m 46s· 2 players
Game mode
Random Map
Map size
132×132
Population
200
Speed
Normal
Resources
Standard
Victory
Conquest
Starting age
Dark Age
Ending age
Imperial Age
RankedLock teamsTeams togetherTeam positionsShared explorationLock speedFull tech treeHidden civsTurbo modeCheats
Victory
Defeat
🇩🇪 Armenians · Germany
1127
+18
🇨🇦 Japanese · Canada
1162
-18
MaulenderMo
11:47 Feudal Age
12:57 Double-Bit Axe
13:36 Loom
18:42 Castle Age
16:46 Fletching
18:32 Forging
18:22 Scale Mail Armor
19:48 Bodkin Arrow
21:04 Medium Warships
25:29 Fishing Lines
27:27 Bow Saw
27:07 Gold Mining
30:38 Wheelbarrow
31:14 Scale Mail Armor
31:50 Iron Casting
32:17 Man-at-Arms
32:59 Squires
37:07 Imperial Age
35:01 Gillnets
35:29 Careening
35:29 Clinker Construction
35:46 Long Swordsman
36:12 Gambesons
37:28 Two-Handed Swordsman
40:28 Fereters
40:42 Fereters
42:29 Chain Mail Armor
43:19 Champion
45:09 Plate Mail Armor
45:36 Arson
47:21 Conscription
48:22 Padded Archer Armor
48:49 Ballistics
49:26 Hand Cart
49:34 Bracer
50:21 Crossbowman
Irving Legend
7:01 Loom
12:18 Feudal Age
13:13 Fishing Lines
13:01 Man-at-Arms
13:58 Double-Bit Axe
14:32 Town Watch
22:11 Castle Age
20:24 Fletching
22:09 Stone Mining
22:12 Gold Mining
23:21 Medium Warships
23:56 Bow Saw
24:35 Bodkin Arrow
26:22 Guard Tower
27:44 Treadmill Crane
28:14 Masonry
31:40 Careening
33:16 Ballistics
37:37 Imperial Age
36:04 Gold Shaft Mining
35:15 Horse Collar
36:41 Yasama
38:37 Arrowslits
39:54 Chemistry
40:58 Keep
41:08 Bracer
41:09 Padded Archer Armor
41:50 Sanctity
42:44 Wheelbarrow
42:44 Kataparuto
43:50 Leather Archer Armor
44:32 Scale Mail Armor
44:44 Forging
47:56 Conscription
Connection lost

Rejoining the realm…

Still unreachable

The connection could not be restored.

Session expired

The server has moved on; the page needs a fresh start.